[ AOE2 MATCH · #469665474 ]
UnrankedBerbers vs Franks
[ REPLAY ANALYSIS · EXTRACTED FROM THE RECORDED GAME ]
Feudal
—
Castle
—
Imperial
—
| APM avg | 48.5 |
| APM peak | 89 |
| eAPM avg | 21.0 |
| Villagers / military | 44 / 19 |
Focus
⚔️ 37.5% · 🌾 62.5%
Scout Cavalry ×19
Feudal
9:01
Castle
—
Imperial
—
| APM avg | 47.4 |
| APM peak | 82 |
| eAPM avg | 18.2 |
| Villagers / military | 44 / 15 |
Focus
⚔️ 38.6% · 🌾 61.4%
Scout Cavalry ×14 · Spearman ×1
Feudal
9:46
Castle
—
Imperial
—
| APM avg | 46.8 |
| APM peak | 76 |
| eAPM avg | 20.0 |
| Villagers / military | 41 / 37 |
Focus
⚔️ 29.5% · 🌾 70.5%
Archer ×31 · Militia ×3 · Spearman ×3
Feudal
9:21
Castle
—
Imperial
—
| APM avg | 32.8 |
| APM peak | 68 |
| eAPM avg | 18.8 |
| Villagers / military | 57 / 51 |
Focus
⚔️ 36.7% · 🌾 63.3%
Archer ×48 · Spearman ×3
Match map
Initial resources + every placement click. Lines = walls · curves = elevation contours. ◆ gold · ⬟ stone · ● berries · ✦ relic · ◌ wall gap
Your base· Open — 6t gap
Showbizz V3sk's base· Open — 6t gap
[SEID]Tyrannos's base· Open — 8t gap
Okan1080's base· ✓ Closed at 19:44 · 51t walls · 1 gate(s)
Smoothed initial terrain · ◌ = detected wall gap · hover for details
Inputs per minute
— MatecociArg - - Showbizz V3sk
Build order — MatecociArg
135 actions detected in the replay
| 0:00 | Create | Villager (Male) |
| 0:00 | Create | Villager (Male) |
| 0:01 | Create | Villager (Male) |
| 0:02 | Build | House |
| 0:02 | Build | House |
| 0:12 | Create | Villager (Male) |
| 0:12 | Create | Villager (Male) |
| 1:31 | Create | Villager (Male) |
| 1:59 | Build | Lumber Camp |
| 2:05 | Create | Villager (Male) |
| 2:20 | Create | Villager (Male) |
| 2:47 | Create | Villager (Male) |
| 3:03 | Create | Villager (Male) |
| 3:03 | Create | Villager (Male) |
| 3:39 | Create | Villager (Male) |
| 3:49 | Create | Villager (Male) |
| 3:53 | Build | House |
| 4:21 | Build | Mill |
| 4:24 | Create | Villager (Male) |
| 4:24 | Create | Villager (Male) |
| 5:14 | Create | Villager (Male) |
| 5:44 | Create | Villager (Male) |
| 6:13 | Research | Loom |
| 6:13 | Research | Loom |
| 6:28 | Build | House |
| 6:33 | Create | Villager (Male) |
| 7:07 | Research | Feudal Age |
| 8:09 | Build | House |
| 8:13 | Build | Palisade Gate |
| 8:15 | Build | Palisade Wall |
| 9:06 | Build | Barracks |
| 9:20 | Create | Villager (Male) |
| 9:32 | Create | Villager (Male) |
| 9:41 | Build | Stable |
| 9:45 | Research | Double-Bit Axe |
| 9:46 | Research | Horse Collar |
| 9:46 | Research | Horse Collar |
| 9:48 | Create | Villager (Male) |
| 10:11 | Build | House |
| 10:15 | Build | Palisade Wall |
| 10:17 | Build | Palisade Wall |
| 10:18 | Build | Palisade Wall |
| 10:19 | Create | Scout Cavalry |
| 10:22 | Build | House |
| 10:26 | Build | Farm |
| 10:28 | Build | Farm |
| 10:30 | Build | Palisade Wall |
| 10:32 | Create | Villager (Male) |
| 10:41 | Create | Scout Cavalry |
| 10:50 | Build | Farm |
| 10:54 | Build | Palisade Wall |
| 11:02 | Create | Scout Cavalry |
| 11:14 | Create | Villager (Male) |
| 11:16 | Build | Farm |
| 11:35 | Build | Farm |
| 11:43 | Create | Scout Cavalry |
| 11:46 | Create | Villager (Male) |
| 11:52 | Create | Scout Cavalry |
| 11:59 | Build | Palisade Wall |
| 12:03 | Build | Farm |
| 12:12 | Create | Scout Cavalry |
| 12:20 | Create | Villager (Male) |
| 12:22 | Build | Farm |
| 12:26 | Build | Palisade Wall |
| 12:31 | Build | House |
| 12:38 | Create | Villager (Male) |
| 12:50 | Build | Farm |
| 12:54 | Create | Scout Cavalry |
| 13:02 | Build | Farm |
| 13:19 | Create | Scout Cavalry |
| 13:23 | Build | Farm |
| 13:37 | Create | Villager (Male) |
| 13:52 | Create | Scout Cavalry |
| 13:54 | Build | Farm |
| 13:55 | Build | Farm |
| 14:12 | Create | Scout Cavalry |
| 14:13 | Create | Villager (Male) |
| 14:27 | Build | Farm |
| 14:27 | Create | Scout Cavalry |
| 14:39 | Create | Villager (Male) |
| 14:47 | Build | House |
| 14:49 | Build | Palisade Wall |
| 14:52 | Build | Palisade Wall |
| 15:08 | Create | Scout Cavalry |
| 15:09 | Create | Villager (Male) |
| 15:18 | Build | House |
| 15:23 | Create | Villager (Male) |
| 15:33 | Build | Stable |
| 15:34 | Build | Farm |
| 15:40 | Build | Farm |
| 15:52 | Build | Farm |
| 15:53 | Build | House |
| 15:59 | Create | Scout Cavalry |
| 15:59 | Create | Villager (Male) |
| 16:23 | Create | Scout Cavalry |
| 16:24 | Create | Scout Cavalry |
| 16:41 | Create | Scout Cavalry |
| 17:00 | Create | Scout Cavalry |
| 17:03 | Create | Villager (Male) |
| 17:18 | Build | Blacksmith |
| 17:20 | Build | House |
| 17:21 | Create | Scout Cavalry |
| 17:27 | Create | Villager (Male) |
| 17:34 | Build | Lumber Camp |
| 17:39 | Build | Farm |
| 17:58 | Create | Villager (Male) |
| 18:02 | Build | House |
| 18:07 | Research | Scale Barding Armor |
| 18:15 | Build | Palisade Wall |
| 18:20 | Build | Palisade Wall |
| 18:26 | Create | Villager (Male) |
| 18:35 | Build | House |
| 18:36 | Build | House |
| 18:39 | Create | Villager (Male) |
| 18:45 | Build | House |
| 18:56 | Research | Forging |
| 19:06 | Create | Villager (Male) |
| 19:40 | Create | Villager (Male) |
| 19:45 | Build | Mining Camp |
| 19:53 | Create | Villager (Male) |
| 19:59 | Build | House |
| 20:05 | Build | House |
| 20:09 | Create | Scout Cavalry |
| 20:12 | Build | Lumber Camp |
| 20:30 | Create | Villager (Male) |
| 20:33 | Build | Mill |
| 20:33 | Build | Farm |
| 20:34 | Build | Farm |
| 20:37 | Create | Villager (Male) |
| 20:40 | Build | Farm |
| 20:41 | Build | Farm |
| 20:41 | Build | Farm |
| 21:00 | Create | Villager (Male) |
| 21:03 | Build | Lumber Camp |
| 21:21 | Create | Villager (Male) |
Build order — Showbizz V3sk
121 actions detected in the replay
| 0:02 | Create | Villager (Male) |
| 0:03 | Build | House |
| 0:04 | Build | House |
| 0:22 | Create | Villager (Male) |
| 0:22 | Create | Villager (Male) |
| 0:22 | Create | Villager (Male) |
| 1:25 | Create | Villager (Male) |
| 1:25 | Create | Villager (Male) |
| 1:25 | Create | Villager (Male) |
| 2:02 | Create | Villager (Male) |
| 2:06 | Build | Lumber Camp |
| 2:20 | Create | Villager (Male) |
| 2:48 | Create | Villager (Male) |
| 3:05 | Create | Villager (Male) |
| 3:45 | Create | Villager (Male) |
| 3:45 | Create | Villager (Male) |
| 3:45 | Create | Villager (Male) |
| 4:10 | Build | House |
| 4:13 | Build | House |
| 4:38 | Create | Villager (Male) |
| 5:01 | Create | Villager (Male) |
| 5:08 | Build | Mill |
| 5:09 | Create | Villager (Male) |
| 5:12 | Build | Palisade Gate |
| 5:28 | Create | Villager (Male) |
| 6:00 | Research | Loom |
| 6:51 | Research | Feudal Age |
| 6:51 | Research | Feudal Age |
| 6:51 | Research | Feudal Age |
| 7:38 | Build | Barracks |
| 8:19 | Create | Villager (Male) |
| 8:42 | Build | House |
| 9:01 | Age | Feudal Age |
| 9:06 | Research | Double-Bit Axe |
| 9:08 | Build | Stable |
| 9:21 | Create | Villager (Male) |
| 9:31 | Create | Spearman |
| 9:32 | Create | Villager (Male) |
| 9:55 | Create | Villager (Male) |
| 10:05 | Build | House |
| 10:06 | Create | Scout Cavalry |
| 10:13 | Build | Farm |
| 10:16 | Build | Farm |
| 10:19 | Build | Farm |
| 10:29 | Create | Villager (Male) |
| 10:34 | Build | House |
| 10:37 | Build | House |
| 10:39 | Build | House |
| 10:43 | Create | Villager (Male) |
| 10:45 | Build | House |
| 10:48 | Build | House |
| 10:53 | Build | House |
| 11:01 | Create | Scout Cavalry |
| 11:02 | Create | Scout Cavalry |
| 11:25 | Build | Farm |
| 11:31 | Create | Villager (Male) |
| 11:32 | Create | Scout Cavalry |
| 11:50 | Build | House |
| 11:53 | Build | Blacksmith |
| 12:22 | Build | Farm |
| 12:23 | Create | Villager (Male) |
| 12:27 | Build | Farm |
| 12:32 | Build | Farm |
| 12:34 | Create | Scout Cavalry |
| 12:49 | Create | Villager (Male) |
| 12:54 | Research | Scale Barding Armor |
| 12:54 | Research | Scale Barding Armor |
| 12:58 | Build | Farm |
| 13:08 | Build | Farm |
| 13:16 | Create | Villager (Male) |
| 13:32 | Build | House |
| 13:33 | Build | House |
| 13:44 | Create | Villager (Male) |
| 14:05 | Create | Villager (Male) |
| 14:23 | Create | Villager (Male) |
| 14:35 | Create | Villager (Male) |
| 14:37 | Build | Farm |
| 14:38 | Build | Farm |
| 14:45 | Build | Farm |
| 14:49 | Build | Farm |
| 14:53 | Create | Villager (Male) |
| 14:58 | Build | Farm |
| 15:11 | Create | Scout Cavalry |
| 15:18 | Build | Farm |
| 15:29 | Build | Palisade Wall |
| 15:32 | Create | Villager (Male) |
| 15:37 | Build | Palisade Wall |
| 15:37 | Build | Palisade Wall |
| 15:42 | Create | Villager (Male) |
| 15:56 | Build | House |
| 15:57 | Build | House |
| 16:00 | Create | Villager (Male) |
| 16:01 | Create | Villager (Male) |
| 16:13 | Create | Villager (Male) |
| 16:16 | Build | Farm |
| 16:20 | Build | Farm |
| 16:37 | Create | Villager (Male) |
| 16:46 | Build | Market |
| 16:54 | Build | House |
| 16:55 | Build | House |
| 17:08 | Create | Scout Cavalry |
| 17:14 | Research | Forging |
| 17:17 | Build | Stable |
| 17:35 | Create | Scout Cavalry |
| 17:45 | Build | Lumber Camp |
| 17:48 | Build | House |
| 18:12 | Build | Gate |
| 18:14 | Build | Farm |
| 18:14 | Create | Villager (Male) |
| 18:16 | Create | Scout Cavalry |
| 18:19 | Create | Scout Cavalry |
| 18:20 | Create | Villager (Male) |
| 18:22 | Build | House |
| 18:24 | Build | House |
| 18:41 | Create | Villager (Male) |
| 18:46 | Build | Mining Camp |
| 18:59 | Create | Villager (Male) |
| 20:21 | Create | Scout Cavalry ×4 |
| 20:27 | Build | House |
| 20:28 | Build | House |
| 20:47 | Create | Villager (Male) |
Build order — [SEID]Tyrannos
131 actions detected in the replay
| 0:01 | Create | Villager (Male) |
| 0:03 | Build | House |
| 0:14 | Create | Villager (Male) |
| 0:14 | Create | Villager (Male) |
| 0:47 | Create | Villager (Male) |
| 1:29 | Create | Villager (Male) |
| 1:53 | Build | House |
| 1:55 | Create | Villager (Male) |
| 2:13 | Build | Lumber Camp |
| 2:27 | Create | Villager (Male) |
| 2:49 | Create | Villager (Male) |
| 3:08 | Create | Villager (Male) |
| 3:37 | Create | Villager (Male) |
| 3:58 | Build | House |
| 4:02 | Build | House |
| 4:08 | Create | Villager (Male) |
| 4:32 | Create | Villager (Male) |
| 4:46 | Create | Villager (Male) |
| 5:04 | Build | Mill |
| 5:22 | Create | Villager (Male) |
| 5:22 | Create | Villager (Male) |
| 6:03 | Create | Villager (Male) |
| 6:06 | Create | Villager (Male) |
| 6:27 | Build | Mining Camp |
| 7:06 | Research | Loom |
| 7:06 | Research | Loom |
| 7:36 | Research | Feudal Age |
| 7:45 | Build | Barracks |
| 8:10 | Build | House |
| 8:19 | Create | Villager (Male) |
| 8:36 | Create | Militia |
| 8:45 | Create | Militia |
| 8:48 | Build | House |
| 8:58 | Create | Militia |
| 9:46 | Age | Feudal Age |
| 9:49 | Research | Man-at-Arms (upgrade) |
| 9:52 | Create | Villager (Male) |
| 10:02 | Build | Archery Range |
| 10:08 | Build | Archery Range |
| 10:12 | Create | Villager (Male) |
| 10:27 | Create | Villager (Male) |
| 10:46 | Create | Spearman |
| 11:00 | Create | Archer |
| 11:01 | Create | Archer |
| 11:03 | Build | House |
| 11:18 | Build | Farm |
| 11:20 | Build | Farm |
| 11:21 | Create | Villager (Male) |
| 11:29 | Build | Palisade Wall |
| 11:39 | Create | Archer |
| 11:55 | Create | Spearman |
| 12:01 | Build | Farm |
| 12:16 | Create | Spearman |
| 12:26 | Create | Archer |
| 12:28 | Build | Farm |
| 12:35 | Create | Villager (Male) |
| 12:52 | Build | Farm |
| 12:53 | Create | Villager (Male) |
| 12:58 | Build | House |
| 12:59 | Build | House |
| 13:06 | Create | Archer |
| 13:09 | Create | Archer |
| 13:54 | Create | Archer |
| 14:26 | Create | Villager (Male) |
| 14:26 | Create | Villager (Male) |
| 14:27 | Create | Archer |
| 14:32 | Research | Double-Bit Axe |
| 14:40 | Build | House |
| 14:42 | Build | Palisade Wall |
| 15:05 | Create | Villager (Male) |
| 15:08 | Build | Blacksmith |
| 15:12 | Create | Archer |
| 15:13 | Create | Archer |
| 15:33 | Create | Villager (Male) |
| 15:39 | Build | House |
| 15:47 | Research | Fletching |
| 15:48 | Research | Padded Archer Armor |
| 15:50 | Create | Villager (Male) |
| 16:02 | Build | House |
| 16:03 | Create | Archer |
| 16:28 | Create | Villager (Male) |
| 16:36 | Create | Villager (Male) |
| 16:38 | Build | House |
| 16:41 | Create | Archer |
| 16:42 | Create | Archer |
| 16:57 | Create | Villager (Male) |
| 17:01 | Build | House |
| 17:03 | Build | House |
| 17:08 | Build | Palisade Wall |
| 17:12 | Create | Archer |
| 17:13 | Create | Archer |
| 17:19 | Research | Horse Collar |
| 17:19 | Research | Horse Collar |
| 17:28 | Build | Farm |
| 17:39 | Create | Archer |
| 17:40 | Create | Villager (Male) |
| 17:41 | Create | Villager (Male) |
| 17:44 | Build | Farm |
| 17:50 | Create | Archer |
| 17:57 | Create | Villager (Male) |
| 18:01 | Build | Farm |
| 18:05 | Build | Lumber Camp |
| 18:08 | Build | Farm |
| 18:10 | Build | Farm |
| 18:13 | Create | Villager (Male) |
| 18:18 | Build | Palisade Gate |
| 18:22 | Build | Farm |
| 18:27 | Create | Archer |
| 18:27 | Create | Archer |
| 18:36 | Build | Farm |
| 18:48 | Build | Farm |
| 18:52 | Create | Archer |
| 19:38 | Create | Villager (Male) |
| 19:38 | Create | Villager (Male) |
| 19:39 | Create | Archer |
| 19:39 | Create | Archer |
| 19:40 | Create | Archer |
| 19:40 | Create | Archer |
| 20:04 | Create | Archer |
| 20:04 | Create | Archer |
| 20:05 | Create | Archer |
| 20:05 | Create | Villager (Male) |
| 20:06 | Create | Villager (Male) |
| 20:09 | Build | Farm |
| 20:17 | Create | Archer |
| 20:18 | Create | Archer |
| 20:41 | Create | Archer |
| 20:41 | Create | Archer |
| 20:46 | Build | Farm |
| 20:53 | Build | Farm |
| 21:15 | Create | Villager (Male) |
Build order — Okan1080
146 actions detected in the replay
| 0:01 | Create | Villager (Male) ×4 |
| 0:02 | Build | House |
| 0:03 | Build | House |
| 1:36 | Create | Villager (Male) |
| 1:37 | Create | Villager (Male) |
| 2:02 | Create | Villager (Male) |
| 2:02 | Create | Villager (Male) |
| 2:36 | Create | Villager (Male) |
| 2:36 | Create | Villager (Male) ×2 |
| 2:38 | Build | Lumber Camp |
| 2:52 | Create | Villager (Male) |
| 2:52 | Create | Villager (Male) |
| 3:16 | Create | Villager (Male) |
| 3:35 | Create | Villager (Male) |
| 3:36 | Create | Villager (Male) |
| 3:45 | Build | House |
| 4:01 | Create | Villager (Male) |
| 4:31 | Create | Villager (Male) |
| 4:31 | Create | Villager (Male) |
| 4:32 | Create | Villager (Male) |
| 4:36 | Build | Mill |
| 5:07 | Create | Villager (Male) |
| 5:07 | Create | Villager (Male) |
| 5:07 | Create | Villager (Male) |
| 5:33 | Create | Villager (Male) ×2 |
| 5:33 | Create | Villager (Male) ×2 |
| 6:21 | Research | Loom |
| 6:52 | Research | Feudal Age |
| 6:52 | Research | Feudal Age |
| 6:55 | Build | Mining Camp |
| 7:16 | Build | Lumber Camp |
| 8:06 | Build | Barracks |
| 9:21 | Age | Feudal Age |
| 9:25 | Create | Villager (Male) |
| 9:26 | Create | Villager (Male) |
| 9:32 | Build | House |
| 9:34 | Build | Archery Range |
| 9:37 | Research | Double-Bit Axe |
| 9:38 | Create | Villager (Male) |
| 9:53 | Create | Spearman |
| 9:58 | Build | House |
| 9:59 | Build | House |
| 10:15 | Build | Archery Range |
| 10:21 | Create | Villager (Male) |
| 10:27 | Build | House |
| 10:28 | Build | House |
| 10:32 | Create | Villager (Male) |
| 10:41 | Build | Palisade Wall |
| 10:46 | Build | Palisade Wall |
| 10:52 | Create | Villager (Male) |
| 10:57 | Build | Palisade Wall |
| 11:04 | Create | Archer ×2 |
| 11:27 | Create | Archer |
| 11:28 | Create | Archer |
| 11:31 | Create | Villager (Male) |
| 11:31 | Create | Villager (Male) |
| 11:41 | Build | House |
| 11:52 | Research | Horse Collar |
| 12:00 | Create | Villager (Male) |
| 12:00 | Create | Villager (Male) |
| 12:04 | Build | Farm |
| 12:04 | Build | Farm |
| 12:04 | Build | Farm |
| 12:05 | Build | Farm |
| 12:05 | Build | Farm |
| 12:05 | Build | Farm |
| 12:05 | Build | Farm |
| 12:09 | Build | Farm |
| 12:17 | Create | Archer |
| 12:18 | Create | Archer |
| 12:18 | Create | Archer |
| 12:31 | Create | Archer ×2 |
| 12:36 | Create | Villager (Male) |
| 12:36 | Create | Villager (Male) |
| 12:40 | Build | Farm |
| 12:45 | Build | Farm |
| 12:50 | Build | Palisade Wall |
| 12:56 | Create | Villager (Male) |
| 12:57 | Create | Villager (Male) |
| 13:00 | Create | Archer |
| 13:00 | Create | Archer |
| 13:05 | Create | Archer |
| 13:14 | Build | Palisade Wall |
| 13:17 | Create | Villager (Male) |
| 13:18 | Create | Archer |
| 13:20 | Create | Archer |
| 13:30 | Create | Archer |
| 13:31 | Create | Villager (Male) |
| 13:48 | Create | Villager (Male) |
| 14:00 | Build | Palisade Gate |
| 14:04 | Build | Palisade Wall |
| 14:05 | Create | Villager (Male) |
| 14:09 | Create | Villager (Male) |
| 14:10 | Create | Archer |
| 14:13 | Build | House |
| 14:14 | Build | House |
| 14:26 | Build | Blacksmith |
| 14:32 | Build | Farm |
| 14:53 | Build | Farm |
| 14:53 | Build | Farm |
| 15:05 | Create | Villager (Male) |
| 15:07 | Build | House |
| 15:12 | Research | Fletching |
| 15:13 | Create | Villager (Male) |
| 15:22 | Build | Farm |
| 15:33 | Build | Farm |
| 15:38 | Build | Farm |
| 15:43 | Create | Archer ×2 |
| 15:44 | Create | Archer ×2 |
| 16:11 | Build | Farm |
| 16:13 | Create | Villager (Male) |
| 16:14 | Create | Archer ×2 |
| 16:37 | Create | Villager (Male) |
| 16:54 | Build | House |
| 17:20 | Build | Farm |
| 17:20 | Build | Farm |
| 17:20 | Build | Farm |
| 17:20 | Build | Farm |
| 17:22 | Create | Villager (Male) |
| 17:25 | Create | Archer ×3 |
| 17:25 | Create | Archer ×3 |
| 17:25 | Create | Archer ×3 |
| 17:31 | Create | Spearman |
| 17:31 | Create | Spearman |
| 17:45 | Build | Farm |
| 17:45 | Create | Villager (Male) |
| 17:59 | Build | Lumber Camp |
| 18:06 | Create | Villager (Male) |
| 18:07 | Create | Archer ×2 |
| 18:07 | Create | Archer ×2 |
| 18:36 | Create | Archer |
| 18:48 | Create | Villager (Male) |
| 19:12 | Research | Padded Archer Armor |
| 19:12 | Create | Villager (Male) |
| 19:22 | Create | Villager (Male) |
| 19:44 | Research | Castle Age |
| 19:47 | Build | Archery Range |
| 20:14 | Create | Archer ×3 |
| 20:14 | Create | Archer ×3 |
| 20:16 | Create | Villager (Male) |
| 20:19 | Build | Mining Camp |
| 20:34 | Create | Archer |
| 20:35 | Create | Archer |
| 21:06 | Create | Archer ×2 |
| 21:07 | Create | Archer ×2 |
| 21:12 | Build | Palisade Gate |
Match timeline
| 7:38 | Showbizz V3sk · first_building Barracks |
| 7:45 | [SEID]Tyrannos · first_building Barracks |
| 8:06 | Okan1080 · first_building Barracks |
| 8:15 | MatecociArg · wall_segment Palisade Wall x1 |
| 9:01 | Showbizz V3sk · age_up feudal |
| 9:06 | MatecociArg · first_building Barracks |
| 9:08 | Showbizz V3sk · first_building Stable |
| 9:21 | Okan1080 · age_up feudal |
| 9:34 | Okan1080 · first_building Archery Range |
| 9:41 | MatecociArg · first_building Stable |
| 9:46 | [SEID]Tyrannos · age_up feudal |
| 10:02 | [SEID]Tyrannos · first_building Archery Range |
| 10:15 | MatecociArg · wall_segment Palisade Wall x8 |
| 10:17 | MatecociArg · wall_segment Palisade Wall x5 |
| 10:18 | MatecociArg · wall_segment Palisade Wall x1 |
| 10:30 | MatecociArg · wall_segment Palisade Wall x1 |
| 10:41 | Okan1080 · wall_segment Palisade Wall x11 |
| 10:46 | Okan1080 · wall_segment Palisade Wall x9 |
| 10:54 | MatecociArg · wall_segment Palisade Wall x3 |
| 10:57 | Okan1080 · wall_segment Palisade Wall x19 |
| 11:29 | [SEID]Tyrannos · wall_segment Palisade Wall x9 |
| 11:59 | MatecociArg · wall_segment Palisade Wall x1 |
| 12:26 | MatecociArg · wall_segment Palisade Wall x1 |
| 12:50 | Okan1080 · wall_segment Palisade Wall x12 |
| 13:14 | Okan1080 · wall_segment Palisade Wall x1 |
| 14:04 | Okan1080 · wall_segment Palisade Wall x1 |
| 14:42 | [SEID]Tyrannos · wall_segment Palisade Wall x1 |
| 14:49 | MatecociArg · wall_segment Palisade Wall x1 |
| 14:52 | MatecociArg · wall_segment Palisade Wall x1 |
| 15:29 | Showbizz V3sk · wall_segment Palisade Wall x13 |
| 15:37 | Showbizz V3sk · wall_segment Palisade Wall x1 |
| 15:37 | Showbizz V3sk · wall_segment Palisade Wall x1 |
| 17:08 | [SEID]Tyrannos · wall_segment Palisade Wall x10 |
| 18:15 | MatecociArg · wall_segment Palisade Wall x11 |
| 18:20 | MatecociArg · wall_segment Palisade Wall x13 |
| 21:21 | Showbizz V3sk · resign |
[ AI ANALYSIS · 1 CREDIT ]
What really happened in this match?
Wolo.gg analyzes every decision: build order, eco, micro, common mistakes by bracket. Personalized analysis on WhatsApp or Discord in 30 seconds.
Civ guide
Berbers
Perfil
Jugador #22943311